 Dungeon Crawl Stone Soup version 0.27.1-33-g824d729ab1 (webtiles) character file.

Game seed: 13546181932288655554

70 Descartes the Ducker (level 4, 0/34 HPs)
             Began as a Djinni Warper on Dec 27, 2021.
             Splashed by a jelly's acid (5 damage)
             ... on level 2 of the Dungeon.
             The game lasted 00:03:16 (2033 turns).

Descartes the Ducker (Djinni Warper)                Turns: 2033, Time: 00:03:17

Health: 0/34       AC:  0    Str: 11    XL:     4   Next: 45%
Gold:   51         EV: 12    Int: 14    God:
                   SH:  0    Dex: 13

rFire    + + .     SeeInvis .   a - +0 falchion
rCold    x . .     Faith    .   (no shield)
rNeg     . . .     Spirit   .   b - +0 leather armour
rPois    ∞         Reflect  .   (no helmet)
rElec    .         Harm     .   (no cloak)
rCorr    .         Rampage  .   (no gloves)
Will     .....                  (boots unavailable)
Stlth    +.........             (no amulet)
HPRegen  0.11/turn              (no ring)
MPRegen  0.00/turn              (no ring)

@: corroded, flying
A: sickness immunity, fire resistance 2, cold vulnerability 1, float, innate
caster, hp casting, extra vitality 1
a: no special abilities


You were on level 2 of the Dungeon.
You visited 1 branch of the dungeon, and saw 2 of its levels.

You collected 51 gold pieces.

Inventory:

Hand Weapons
 a - a +0 falchion (weapon)
Missiles
 d - 7 boomerangs of dispersal (quivered)
 e - 41 sling bullets
 f - 87 stones
 g - 18 poisoned darts
 h - 8 bolts
 i - 11 arrows
Armour
 b - a +0 leather armour (worn)
Scrolls
 c - a scroll of blinking
 k - 2 scrolls of identify {unknown}
Potions
 j - a potion of might {unknown}


   Skills:
 + Level 2.9 Fighting
 + Level 2.0 Long Blades
 - Level 0.7 Throwing
 - Level 1.0 Armour
 + Level 3.2 Dodging
 + Level 2.9 Spellcasting


You couldn't memorise any spells.
You knew the following spells:

 Your Spells              Type           Power      Damage    Failure   Level
a - Blink                 Tloc           N/A        N/A       13%         2
b - Lesser Beckoning      Tloc           5%         N/A       26%         3
c - Gell's Gravitas       Tloc           5%         N/A       26%         3
d - Teleport Other        Tloc           10%        N/A       26%         3
e - Manifold Assault      Tloc           10%        N/A       93%         5
f - Sting                 Tmut/Pois      40%        1d5       9%          1
Your spell library was empty.

Dungeon Overview and Level Annotations

Branches:
Dungeon (2/15)

Altars:

Shops:
D:2 *


Innate Abilities, Weirdness & Mutations

You are immune to sickness and miasma.
You are immune to poison.
Your flesh is very heat resistant. (rF++)
You are vulnerable to cold. (rC-)
You float through the air rather than walking.
You learn spells naturally, not from books.
Your magical power is your life essence.
You have superior vitality. (+4 HP)


Message History

You hit the hobgoblin.
You kill the hobgoblin!
You hit the goblin.
You kill the goblin!
You hit the jelly. The acid corrodes you!
Your hands burn!
The jelly is heavily wounded.
The jelly hits you.
You are splashed with acid!
* * * LOW HITPOINT WARNING * * *
The jelly barely misses you.
You are too injured to fight recklessly!
You are too injured to fight recklessly!
You are too injured to fight recklessly!
You are too injured to fight recklessly!
You are too injured to fight recklessly!
You are too injured to fight recklessly!
You are too injured to fight recklessly!
You are too injured to fight recklessly!
You are too injured to fight recklessly!
You are too injured to fight recklessly!
You are too injured to fight recklessly!
Casting: Blink (safe; 13% risk of failure)
Confirm with . or Enter, or press ? or * to list all spells.
You miscast Blink.
You are very lightly contaminated with residual magic.
Nothing appears to happen.
* * * LOW HITPOINT WARNING * * *
The jelly barely misses you.
Casting: Blink (safe; 13% risk of failure)
Confirm with . or Enter, or press ? or * to list all spells.
You blink.
* * * LOW HITPOINT WARNING * * *
Your magical contamination has completely faded away.
You are no longer corroded.
There is an open door here.
You reach down and close the door.
You hear a slurping noise.
The jelly eats the door!
A jelly is nearby!
You hit the jelly. The acid corrodes you!
Your hands burn!
You die...

#...# #.##..# # #...#
###...######
##+#!|?#+##..........#
...#####......J#####.#
...............#
........[......#
.......#.#.....###
.......+.......J>#
.......#.#.....#@#
.......#+#.....#.#
..............##.#
##+#..........##.#
#.#........."##.#
#.#..........##.#
#.#####+#######.# #.#
.# #+# ##'#####.####


You could see a jelly.

Vanquished Creatures
  2 adders (D:2)
  An ufetubus (D:2)
  2 dart slugs
  An orc (D:2)
  4 ball pythons
  4 endoplasms
  2 hobgoblins (D:2)
  4 jackals (D:1)
  2 quokkas
  3 bats (D:1)
  4 frilled lizards
  6 goblins
  2 kobolds
  4 rats
41 creatures vanquished.

Notes
Turn   | Place    | Note
-------+----------+-------------------------------------------
     0 | D:1      | Descartes the Djinni Warper began the quest for the Orb.
     0 | D:1      | Reached XP level 1. HP: 18/18 MP: 0/0
   261 | D:1      | Reached XP level 2. HP: 22/23 MP: 0/0
   726 | D:1      | Reached XP level 3. HP: 3/29 MP: 0/0
   726 | D:1      | Learned a level 1 spell: Sting
  1472 | D:2      | Found Bofin's Assorted Antiques.
  1711 | D:2      | Reached skill level 3 in Dodging
  1912 | D:2      | Reached XP level 4. HP: 27/34 MP: 0/0
  2033 | D:2      | Splashed by a jelly's acid

Illustrated notes

Levels and vault maps discovered:
D:1:      sevenhm_arrival_forest_fort_small_3, layout_basic
D:2:      layout_basic, hellmonk_ecumenical_altar_inner_sanctum, serial_shops,
          shop, minmay_divided_ellipse

Skill      XL: |  1  2  3  4 |
---------------+-------------+-----
Dodging        | 3 |  3.2
Long Blades    | 2 |  2.0
Fighting       | |  2.9
Throwing       | |  0.7
Armour         | |  1.0
Spellcasting   | |  2.9

Action                   |  1- 3 |  4- 6 || total
-------------------------+-------+-------++-------
Melee: Falchion          |    93 |    27 ||   120
 Cast: Blink             |     8 |     1 ||     9
Armor: Leather armour    |    23 |    15 ||    38
Dodge: Dodged            |    98 |    29 ||   127
       Rpst.: Falchion   |    29 |     5 ||    34
